 Dungeon Crawl Stone Soup version 0.29.1-13-g9f3cf754e1 (webtiles) character file.

Game seed: 6731239766363487548

387 Heoruswealwe the Grave Robber (level 6, -4/33 HPs)
             Began as a Deep Elf Necromancer on Feb 1, 2023.
             Was an Initiate of Sif Muna.
             Slain by Pikel
             ... wielding a +2 whip of flaming
              (9 damage)
             ... on level 4 of the Dungeon.
             The game lasted 01:21:27 (3342 turns).

Heoruswealwe the Grave Robber (DENe)                Turns: 3342, Time: 01:21:27

Health: -4/33      AC:  3    Str:  5    XL:     6   Next: 49%
Magic:  8/17       EV: 13    Int: 22    God:    Sif Muna [......]
Gold:   212        SH:  0    Dex: 15    Spells: 12/17 levels left

rFire   . . .      SeeInvis .   i - staff of death
rCold   . . .      Faith    .   (no shield)
rNeg    + . .      Spirit   .   a - +0 robe
rPois   .          Reflect  .   (no helmet)
rElec   .          Harm     .   A - +0 cloak
rCorr   .          Rampage  .   (no gloves)
Will    .....      Clarity  +   (no boots)
Stlth   ++........              (no amulet)
HPRegen 0.91/turn               (no ring)
MPRegen 0.15/turn               (no ring)

@: about to teleport
A: clarity, regeneration 1, MP-powered wands
a: Renounce Religion


You were on level 4 of the Dungeon.
You worshipped Sif Muna.
Sif Muna was noncommittal.
You visited 1 branch of the dungeon, and saw 4 of its levels.

You collected 212 gold pieces.

Inventory:

Hand Weapons
 d - a +0 club
 f - a +0 spear
 l - a +1 short sword of venom
 m - a +0 trident of protection
 C - a +0 sling
 N - a +0 mace
 O - a +0 flail
 U - a +2 dagger of venom
Missiles
 c - 2 large rocks
 h - 54 stones
 T - 5 poisoned darts
 X - a boomerang
Armour
 a - a +0 robe (worn)
 n - a +0 robe
 s - a +0 helmet
 A - a +0 cloak (worn)
 P - a +0 leather armour
 Z - a +0 ring mail
Magical Staves
 i - a staff of death (weapon)
Scrolls
 E - a scroll of fog
 K - a scroll of magic mapping
 S - a scroll of vulnerability
Potions
 b - a potion of magic
 o - 3 potions of brilliance
 q - 2 potions of attraction
 t - a potion of curing
 w - a potion of degeneration


   Skills:
 + Level 0.3 Fighting
 + Level 0.1 Staves
 + Level 2.7 Dodging
 + Level 2.8 Stealth
 + Level 6.3 Spellcasting
 + Level 7.6 Necromancy


You had 12 spell levels left.
You knew the following spells:

 Your Spells              Type           Power      Damage    Failure   Level
a - Necrotise             Necr           100%       1d9       1%          1
b - Vampiric Draining     Necr           57%        2d10      1%          3
d - Magic Dart            Conj           24%        1d4       9%          1

Your spell library contained the following spells:

 Spells                   Type           Power      Damage    Failure   Level
 Animate Dead             Necr           57%        N/A       3%          4
 Agony                    Necr           57%        N/A       11%         5
 Call Imp                 Summ           6%         N/A       14%         2
 Ensorcelled Hibernation  Hex/Ice        12%        N/A       14%         2
 Passwall                 Tmut/Erth      5%         N/A       14%         2
 Searing Ray              Conj           12%        2d4       14%         2
 Mephitic Cloud           Conj/Pois/Air  6%         N/A       26%         3
 Swiftness                Air            6%         N/A       26%         3
 Fulminant Prism          Conj/Hex       3%         3d6       65%         4


Dungeon Overview and Level Annotations

Branches:
Dungeon (4/15)
 Temple: D:4-7

Altars:
Dithmenos
Elyvilon
Gozag
Sif Muna
The Shining One

Shops:
D:2 (   D:4 *

Annotations:
D:4 Pikel


Innate Abilities, Weirdness & Mutations

You possess an exceptional clarity of mind.
Your natural rate of healing is unusually fast.
You expend magic power (3 MP) to strengthen your wands.


Message History

Aiming: Necrotise (safe; 1% risk of failure)
Press: ? - help, Shift-Dir - straight line, f - giant cockroach, p - Pikel
Aim: a giant cockroach (chance to affect: 93%)
You feel a surge of power!
The giant cockroach writhes in agony!
You kill the giant cockroach!
Sif Muna accepts your kill.
Your hound skeleton barely misses the phantom.
Your hound skeleton closely misses the phantom.
Pikel hits you with a +2 whip of flaming!
Pikel burns you.
* * * LOW HITPOINT WARNING * * *
Casting: Necrotise (safe; 1% risk of failure)
Confirm with . or Enter, or press ? or * to list all spells.
Aiming: Necrotise (safe; 1% risk of failure)
Press: ? - help, Shift-Dir - straight line, f - Pikel
Aim: Pikel, wielding a +2 whip of flaming and wearing a +1 robe of willpower (heavily wounded, chance to affect: 52%)
You feel a surge of power!
Pikel writhes in agony!
Your hound skeleton closely misses the phantom.
Pikel hits you with a +2 whip of flaming.
* * * LOW HITPOINT WARNING * * *
Pikel burns you.
* * * LOW HITPOINT WARNING * * *
Pikel attacks as you move away! Pikel misses you.
Your hound skeleton bites the phantom.
Pikel says, "You'll feel the lick of my whip!"
Found Hucsi's Neck Hole.
Casting: Necrotise (safe; 1% risk of failure)
Confirm with . or Enter, or press ? or * to list all spells.
Aiming: Necrotise (safe; 1% risk of failure)
Press: ? - help, Shift-Dir - straight line, f/p - Pikel
Aim: Pikel, wielding a +2 whip of flaming and wearing a +1 robe of willpower (severely wounded, chance to affect: 52%)
You feel a surge of power!
Pikel writhes in agony.
Pikel hits you with a +2 whip of flaming.
* * * LOW HITPOINT WARNING * * *
Pikel burns you.
* * * LOW HITPOINT WARNING * * *
As you read the scroll of teleportation, it crumbles to dust.
You feel strangely unstable.
Pikel hits you with a +2 whip of flaming!
You die...

# .## ##########...##
##.............∩
##.......@.....#
#........K....##
#...........##.# ..##
#.....W........# ...#
#....†Z........#
⌠..#####................
.....##..............###
................######
.........<.....#.#


You could see Pikel, a phantom (ally target) and a friendly hound skeleton.

Vanquished Creatures
  2 hounds
  An orc priest (D:3)
  Natasha (thrice) (D:2)
  2 iguanas (D:4)
  7 adders
  A dart slug (D:1)
  2 worms
  6 orcs (D:3)
  10 ball pythons
  7 endoplasms
  5 giant cockroaches
  9 goblins
  4 hobgoblins
  2 jackals (D:4)
  11 kobolds
  5 quokkas
  5 bats
  2 frilled lizards
  4 rats
88 creatures vanquished.

Vanquished Creatures (collateral kills)
  A dart slug (D:3)
  An orc (D:3)
  An endoplasm (D:1)
  A jackal (D:4)
  A quokka (D:3)
  2 frilled lizards
  2 rats
9 creatures vanquished.

Vanquished Creatures (others)
  6 plants (D:2)
6 creatures vanquished.

Grand Total: 103 creatures vanquished

Notes
Turn   | Place    | Note
-------+----------+-------------------------------------------
     0 | D:1      | Heoruswealwe the Deep Elf Necromancer began the quest for
                  | the Orb.
     0 | D:1      | Reached XP level 1. HP: 10/10 MP: 6/6
   107 | D:1      | Reached skill level 5 in Necromancy
   196 | D:1      | Reached XP level 2. HP: 15/15 MP: 2/8
   469 | D:1      | Reached XP level 3. HP: 15/19 MP: 0/9
   903 | D:1      | Learned a level 3 spell: Vampiric Draining
   964 | D:2      | Found Leyr's Antique Weapon Shoppe.
  1023 | D:2      | Found a white marble altar of Elyvilon.
  1117 | D:3      | Reached skill level 6 in Necromancy
  1269 | D:2      | Reached XP level 4. HP: 24/24 MP: 7/11
  1294 | D:2      | Noticed Natasha
  1297 | D:2      | Killed Natasha
  1375 | D:2      | Noticed Natasha
  1382 | D:2      | Killed Natasha
  1614 | D:2      | Noticed Natasha
  1633 | D:2      | Killed Natasha
  1634 | D:2      | Reached XP level 5. HP: 16/28 MP: 10/14
  1657 | D:2      | Learned a level 4 spell: Animate Dead
  1810 | D:3      | Reached skill level 5 in Spellcasting
  2087 | D:3      | Reached skill level 7 in Necromancy
  2688 | D:3      | Reached XP level 6. HP: 32/32 MP: 10/16
  2707 | D:3      | Found a faded altar of an unknown god.
  2894 | D:4      | Learned a level 1 spell: Magic Dart
  3091 | D:3      | Prayed at the altar of an unknown god.
  3091 | D:3      | Became a worshipper of the Shining One
  3091 | D:3      | Reached * piety under the Shining One
  3092 | D:3      | Fell from the grace of the Shining One
  3125 | D:3      | Gained mutation: You possess an exceptional clarity of
                  | mind. [potion of mutation]
  3125 | D:3      | Gained mutation: Your natural rate of healing is unusually
                  | fast. [potion of mutation]
  3125 | D:3      | Gained mutation: You expend magic power (3 MP) to
                  | strengthen your wands. [potion of mutation]
  3158 | D:4      | Found a shadowy altar of Dithmenos.
  3219 | D:4      | Found an opulent altar of Gozag.
  3219 | D:4      | Found a shimmering blue altar of Sif Muna.
  3232 | D:4      | Became a worshipper of Sif Muna the Loreminder
  3242 | D:4      | Noticed Pikel
  3340 | D:4      | Found Hucsi's Neck Hole.
  3342 | D:4      | Slain by Pikel

Illustrated notes

Levels and vault maps discovered:
D:1:      lightli_arrival_lavapool, layout_rooms, hangedman_decor_push
D:2:      layout_loops_ring, serial_shops, nicolae_shop_overgrown_old_shop,
          basic_altar, uniq_natasha
D:3:      layout_basic, ebering_ecumenical_altar_webs
D:4:      layout_rooms, grunt_qazlal_clouds, grunt_dithmenos_smoke,
          gammafunk_temple_overflow_statue, serial_curves, eino_curves_02,
          eino_curves_03, eino_curves_03, grunt_ministairs_2,
          nicolae_shop_sticking_my_neck_out, uniq_pikel

Skill      XL: |  1  2  3  4  5  6 |
---------------+-------------------+-----
Necromancy     | 5 6 7 |  7.6
Spellcasting   | 4 5 6 |  6.3
Fighting       | |  0.3
Staves         | |  0.1
Dodging        | |  2.7
Stealth        | |  2.8

Action                   |  1- 3 |  4- 6 || total
-------------------------+-------+-------++-------
Melee: Staff             |     7 |    34 ||    41
       Punch             |       |     1 ||     1
 Cast: Necrotise         |    65 |   104 ||   169
Invok: Renounce Religion |       |     1 ||     1
  Use: Scroll            |     6 |     7 ||    13
       Potion            |     1 |     4 ||     5
Armor: Robe              |     2 |    10 ||    12
Dodge: Dodged            |    22 |    53 ||    75
